 Dungeon Crawl Stone Soup version 0.32-a0-411-g744942f433 (webtiles) character file.

Game seed: 14948948151599823090

70 Xavori the Trooper (level 4, -2/38 HPs)
             Began as a Djinni Chaos Knight on Feb 20, 2024.
             Was a Plaything of Xom.
             Slain by a ribbon worm (8 damage)
             ... on level 1 of the Dungeon.
             The game lasted 00:02:02 (11034 turns).

Xavori the Trooper (Djinni Chaos Knight)           Turns: 11034, Time: 00:02:03

Health: -2/38      AC:  4    Str: 11      XL:     4   Next: 44%
Gold:   57         EV: 11    Int: 11 (13) God:    Xom [......] SH:  0 Dex: 10 (15)

rFire   + + .        a - +0 falchion (chaos)
rCold   x . .        (no shield)
rNeg    . . .        b - +2 leather armour
rPois   ∞            (helmet restricted)
rElec   .            j - +0 cloak
rCorr   .            (no gloves)
SInv    .            (boots unavailable)
Will    .....        (no amulet)
Stlth   +            (no ring)
HPRegen 0.26/turn    (no ring)
MPRegen 0.00/turn

%: infuse magic (-3 HP)
@: flying, bezotted
A: sickness immunity, fire resistance 2, cold vulnerability 1, float, innate
caster, HP casting, extra vitality 1, antennae 1, deformed body, deterioration
2, robust 1, inability to drink after injury 1, persistent drain
a: Renounce Religion


You were on level 1 of the Dungeon.
You worshipped Xom.
You were a very special plaything of Xom.
You visited 1 branch of the dungeon, and saw 2 of its levels.

You collected 57 gold pieces.

Inventory:

Hand Weapons
 a - a +0 falchion of chaos (weapon)
Armour
 b - a +2 leather armour (worn)
 j - a +0 cloak (worn)
 k - the +2 robe of Mivec {-Tele Int+4}
   (You found it on level 2 of the Dungeon)

   Int+4:     It affects your intelligence (+4).
   -Tele:     It prevents most forms of teleportation.
Scrolls
 c - a scroll of butterflies
 e - 2 scrolls of identify {unknown}
 f - 2 scrolls of noise {unknown}
 g - a scroll of brand weapon {unknown}
 h - a scroll of enchant weapon {unknown}
 i - a scroll of fear {unknown}
Potions
 d - a potion of haste {unknown}


   Skills:
 + Level 3.3 Fighting
 + Level 3.0 Long Blades
 + Level 1.7 Armour
 + Level 2.7 Dodging
 * Level 1.4 Spellcasting
 * Level 1.4 Conjurations
 * Level 1.4 Hexes
   Level 0.0 Charms
 * Level 1.4 Summonings
 * Level 1.4 Necromancy
 * Level 1.4 Translocations
   Level 0.0 Transmutations
 * Level 1.4 Fire Magic
 * Level 1.4 Ice Magic
 * Level 1.4 Air Magic
 * Level 1.4 Earth Magic
 * Level 1.4 Alchemy


You knew the following spells:

 Your Spells              Type           Power      Damage    Failure   Level
a - Summon Small Mammal   Summ           16%        N/A       22%         1
Your spell library was empty.

Dungeon Overview and Level Annotations

Branches:
Dungeon (2/15) Zot: 960

Altars:
Nemelex Xobeh


Innate Abilities, Weirdness & Mutations

You are immune to sickness and miasma.
You are immune to poison.
Your flesh is very heat resistant. (rF++)
You are vulnerable to cold. (rC-)
You float through the air rather than walking.
You learn spells naturally, not from books.
Your magical power is your life essence.
You have superior vitality. (+4 MHP)
You have a pair of small antennae on your head.
Armour fits poorly on your strangely shaped body.
Your body often deteriorates upon taking damage.
You are robust. (+10% HP)
You occasionally lose the ability to drink potions when taking damage.
Your health recovers twice as slowly from being drained.


Message History

The ribbon worm expels a string of sticky webbing.
The stream of webbing hits you but does no damage.
You are caught in a web!
The ribbon worm barely misses you.
You barely miss the ribbon worm.
The ribbon worm is severely wounded.
The ribbon worm bites you.
Your body deteriorates!
You feel dopey. The ribbon worm closely misses you.
You hit the ribbon worm. You freeze the ribbon worm.
The ribbon worm is severely wounded.
The ribbon worm bites you.
You hit the ribbon worm.
The ribbon worm seems to grow stronger.
Xom thinks this is hilarious!
The ribbon worm is almost dead.
The ribbon worm expels a string of sticky webbing.
The stream of webbing misses you. The ribbon worm closely misses you.
You barely miss the ribbon worm.
The ribbon worm is almost dead.
The ribbon worm seems less drained.
The ribbon worm completely misses you.
You completely miss the ribbon worm.
The ribbon worm is severely wounded.
The ribbon worm bites you!
* * * LOW HITPOINT WARNING * * *
Your body deteriorates!
You feel dopey.
You hit the ribbon worm.
The ribbon worm is almost dead.
The ribbon worm barely misses you. The ribbon worm bites you.
* * * LOW HITPOINT WARNING * * *
You completely miss the ribbon worm.
The ribbon worm is severely wounded.
The ribbon worm expels a string of sticky webbing.
The stream of webbing hits you but does no damage.
You are caught in a web!
The ribbon worm closely misses you.
Unknown command.
You barely miss the ribbon worm.
The ribbon worm is severely wounded.
The ribbon worm barely misses you. The ribbon worm bites you!
You die...

...## #.# #.......##... ...# #.#
#.......##..# ...# #.#
######.......#.... ...#
##.#####..............#.. ...#
#.........###.)..........
...######.........# ##...........
..)...............####÷....~~P.⌠~
...######÷........##....##)⌠..P.P
...# #.......@....##....~.####
...# ##.###..w........#.~.#_..
...# #...####.#..#....#.⌠.####
...# #........##......#.~.....
..## #...#########....#.⌠⌠~⌠~~
.## ##### #....#....... ##
#....####.... #....# ##... #....#
#...


You could see a ribbon worm (fast, strong, resistant).

Vanquished Creatures
  An adder (D:2)
  3 ball pythons
  3 bats (D:1)
  5 endoplasms
  2 giant cockroaches (D:1)
  5 goblins
  A hobgoblin (D:2)
  3 jackals (D:1)
  4 kobolds
  A quokka (D:1)
  3 frilled lizards (D:1)
  A rat (D:1)
32 creatures vanquished.

Notes
Turn   | Place    | Note
-------+----------+-------------------------------------------
     0 | D:1      | Xavori the Djinni Chaos Knight began the quest for the Orb.
     0 | D:1      | Reached XP level 1. HP: 20/20 MP: 0/0
    15 | D:1      | XOM: potion effect (haste)
    21 | D:1      | Reached XP level 2. HP: 24/25 MP: 0/0
    27 | D:1      | XOM: potion effect (invisibility)
    54 | D:1      | Reached XP level 3. HP: 30/30 MP: 0/0
    54 | D:1      | Learned a level 1 spell: Summon Small Mammal
    83 | D:1      | Reached skill level 1 in Spellcasting
    83 | D:1      | Reached skill level 1 in Conjurations
    83 | D:1      | Reached skill level 1 in Hexes
    83 | D:1      | Reached skill level 1 in Summonings
    83 | D:1      | Reached skill level 1 in Necromancy
    83 | D:1      | Reached skill level 1 in Translocations
    83 | D:1      | Reached skill level 1 in Fire Magic
    83 | D:1      | Reached skill level 1 in Ice Magic
    83 | D:1      | Reached skill level 1 in Air Magic
    83 | D:1      | Reached skill level 1 in Earth Magic
    83 | D:1      | Reached skill level 1 in Alchemy
   119 | D:1      | XOM: silly message
   192 | D:1      | XOM: silly message
   223 | D:1      | Found a faded altar of an unknown god.
   408 | D:1      | XOM: silly message
   569 | D:1      | XOM: give mutations
   569 | D:1      | Gained mutation: Your mind is acute. (Int +4, Str/Dex -1)
                  | [Xom's mischief]
   569 | D:1      | Gained mutation: You are strong-willed. (Will+) [Xom's
                  | mischief]
   696 | D:1      | Reached XP level 4. HP: 35/35 MP: 0/0
   861 | D:1      | XOM: give mutations
   861 | D:1      | Gained mutation: You occasionally lose the ability to drink
                  | potions when taking damage. [Xom's mischief]
   861 | D:1      | Gained mutation: A frigid envelope surrounds you and
                  | freezes all who hurt you. [Xom's mischief]
   861 | D:1      | Gained mutation: Your spells are a little easier to cast,
                  | but a little less powerful. [Xom's mischief]
   861 | D:1      | Gained mutation: You are clumsy. (Dex -2) [Xom's mischief]
  1986 | D:1      | XOM: draining
  2165 | D:1      | XOM: give mutations
  2165 | D:1      | Gained mutation: Potions are less effective at restoring
                  | your health. [Xom's mischief]
  2165 | D:1      | Gained mutation: You are robust. (+10% HP) [Xom's mischief]
  2165 | D:1      | Gained mutation: You sometimes lose your temper in combat.
                  | [Xom's mischief]
  2604 | D:1      | XOM: give mutation
  2604 | D:1      | Gained mutation: Armour fits poorly on your strangely
                  | shaped body. [Xom's mischief]
  4742 | D:1      | XOM: summons 2 hostile shadow creatures
  5015 | D:2      | Found a sparkling altar of Nemelex Xobeh.
  5015 | D:2      | XOM: 9-stop teleportation journey
  5027 | D:2      | XOM: give mutations
  5027 | D:2      | Lost mutation: Your mind is acute. (Int +4, Str/Dex -1)
                  | [Xom's mischief]
  5027 | D:2      | Gained mutation: Your body sometimes deteriorates upon
                  | taking damage. [Xom's mischief]
  5052 | D:2      | Identified the +2 robe of Mivec {-Tele Int+4}
  5082 | D:2      | XOM: summons 3 hostile demons
  5511 | D:1      | XOM is BORED!
  5511 | D:1      | XOM: give mutation
  5511 | D:1      | Gained mutation: You have a pair of small antennae on your
                  | head. [Xom's mischief]
  6340 | D:1      | XOM: give mutations
  6340 | D:1      | Gained mutation: Your body often deteriorates upon taking
                  | damage. [Xom's mischief]
  6340 | D:1      | Lost mutation: A frigid envelope surrounds you and freezes
                  | all who hurt you. [Xom's mischief]
  6340 | D:1      | Lost mutation: Potions are less effective at restoring your
                  | health. [Xom's mischief]
  6340 | D:1      | Lost mutation: You are clumsy. (Dex -2) [Xom's mischief]
  7270 | D:1      | XOM: summons 3 hostile demons
  7829 | D:1      | XOM: give mutations
  7829 | D:1      | Lost mutation: Your spells are a little easier to cast, but
                  | a little less powerful. [Xom's mischief]
  7829 | D:1      | Gained mutation: You do not regenerate when monsters are
                  | visible. [Xom's mischief]
  7829 | D:1      | Gained mutation: You have hidden genetic defects. [Xom's
                  | mischief]
  8039 | D:1      | XOM: summons 3 hostile shadow creatures
  8649 | D:1      | XOM: give mutations
  8649 | D:1      | Lost mutation: You do not regenerate when monsters are
                  | visible. [Xom's mischief]
  8649 | D:1      | Lost mutation: You sometimes lose your temper in combat.
                  | [Xom's mischief]
  8649 | D:1      | Gained mutation: You sometimes lose the ability to drink
                  | potions when taking damage. [Xom's mischief]
  8934 | D:1      | XOM: stat loss: -1 Dex (11/15)
  9494 | D:1      | XOM: noise
  9627 | D:1      | XOM: give mutations
  9627 | D:1      | Lost mutation: You sometimes lose the ability to drink
                  | potions when taking damage. [Xom's mischief]
  9627 | D:1      | Lost mutation: Armour fits poorly on your strangely shaped
                  | body. [Xom's mischief]
  9627 | D:1      | Lost mutation: You have hidden genetic defects. [Xom's
                  | mischief]
  9735 | D:1      | XOM: noise
  9803 | D:1      | XOM: stat loss: -1 Dex (10/15)
  9923 | D:1      | XOM is BORED!
 10325 | D:1      | XOM: summons 3 hostile shadow creatures
 10439 | D:2      | XOM: give mutations
 10439 | D:2      | Gained mutation: Armour fits poorly on your strangely
                  | shaped body. [Xom's mischief]
 10439 | D:2      | Lost mutation: You are strong-willed. (Will+) [Xom's
                  | mischief]
 10439 | D:2      | Gained mutation: Your health recovers twice as slowly from
                  | being drained. [Xom's mischief]
 11000 | D:1      | Glimpsed the power of Zot.
 11034 | D:1      | Slain by a ribbon worm

Illustrated notes

Levels and vault maps discovered:
D:1:      ncdulo_lavacross, layout_rooms, shapermc_ecumenical_altar_acropolis
D:2:      layout_loops_ring, basic_altar, nicolae_nh_oracle_at_delphi

Skill      XL: |  1  2  3 |
---------------+----------+-----
Spellcasting   | 1 |  1.4
Conjurations   | 1 |  1.4
Hexes          | 1 |  1.4
Summonings     | 1 |  1.4
Necromancy     | 1 |  1.4
Translocations | 1 |  1.4
Fire Magic     | 1 |  1.4
Ice Magic      | 1 |  1.4
Air Magic      | 1 |  1.4
Earth Magic    | 1 |  1.4
Alchemy        | 1 |  1.4
Long Blades    | 3 |  3.0
Fighting       | |  3.3
Armour         | |  1.7
Dodging        | |  2.7

Action                     |  1- 3 |  4- 6 || total
---------------------------+-------+-------++-------
  Melee: Falchion          |    74 |    35 ||   109
   Stab: Confused          |     1 |       ||     1
         Invisible         |     6 |       ||     6
 Armour: Leather armour    |    43 |    46 ||    89
  Dodge: Dodged            |    46 |    50 ||    96

Table legend: (Time is in decaauts)
 A = Elapsed time spent in this place.
 B = Non-inter-level travel time spent in this place.
 C = Inter-level travel time spent in this place.
 D = Time resting spent in this place.
 E = Time spent auto-exploring this place.
 F = Levels seen in this place.
 G = Mean time per level.
                   A        B        C        D        E       F      G
               +--------+--------+--------+--------+--------+-----+--------+
         Total |  11038 |  11031 |      7 |  10456 |    274 |   2 | 5519.0 |
       Dungeon |  11038 |  11031 |      7 |  10456 |    274 |   2 | 5519.0 |
               +--------+--------+--------+--------+--------+-----+--------+

Top non-repeatable levels by time:
     D:1: 9883 daAuts
     D:2: 1154 daAuts
